PA
CHICAGO TULA @ YELLOWKNIFE DRAGONBLOOD
07/10/2024
 
TOP OF THE 1ST
Chicago Tula batting - Pitching for Yellowknife Dragonblood : RHP Edgar Lankford
Pitching: RHP Edgar Lankford
Batting: LHB Gerald Kaufman 0-0: Ball
1-0: Ball
2-0: Ball
3-0: Called Strike
3-1: Foul Ball, location: 2F
3-2: Base on Balls
Batting: RHB Jouo Hirschovits 0-0: Ball
1-0: Swinging Strike
1-1: Foul Ball, location: 2F
1-2: Strikes out swinging
Batting: RHB Lee Lockheart 0-0: Ball
Gerald Kaufman steals 2nd base
1-0: Called Strike
Gerald Kaufman steals 3rd base
1-1: Ball
2-1: Foul Ball, location: 2F
2-2: Strikes out looking
Batting: RHB Rudko Hrnjak 0-0: Ground out 6-3 (Groundball, 6)
Top of the 1st over - 0 run(s), 0 hit(s), 0 error(s), 1 left on base; Chicago 0 - Yellowknife 0
BOTTOM OF THE 1ST
Yellowknife Dragonblood batting - Pitching for Chicago Tula : RHP Francisco Sandoval
Pitching: RHP Francisco Sandoval
Batting: RHB Martín Alejadre 0-0: Called Strike
0-1: Called Strike
0-2: Ball
1-2: Ground out 4-3 (Groundball, 4M)
Batting: LHB Jon Baxter 0-0: Foul Ball, location: 2F
0-1: Ball
1-1: Foul Ball, location: 2F
1-2: Ball
2-2: Ball
3-2: Foul Ball, location: 2F
3-2: Base on Balls
Batting: LHB John O'Day 0-0: Fly out, F7 (Flyball, 7LS)
Batting: SHB Zachary Burriss 0-0: Called Strike
0-1: Ball
1-1: Ball
2-1: Called Strike
2-2: Ball
3-2: Foul Ball, location: 2F
3-2: Fly out, F5 (Line Drive, 5)
Bottom of the 1st over - 0 run(s), 0 hit(s), 0 error(s), 1 left on base; Chicago 0 - Yellowknife 0
TOP OF THE 2ND
Chicago Tula batting - Pitching for Yellowknife Dragonblood : RHP Edgar Lankford
Batting: RHB Jorge Alfiche 0-0: Ball
1-0: Ground out 5-3 (Groundball, 5S)
Batting: RHB Ken Sandoval 0-0: Called Strike
0-1: Called Strike
0-2: Strikes out swinging
Batting: RHB Vincent Vega 0-0: Called Strike
0-1: Foul Ball, location: 2F
0-2: Ground out 5-3 (Groundball, 56)
Top of the 2nd over - 0 run(s), 0 hit(s), 0 error(s), 0 left on base; Chicago 0 - Yellowknife 0
BOTTOM OF THE 2ND
Yellowknife Dragonblood batting - Pitching for Chicago Tula : RHP Francisco Sandoval
Batting: SHB Daniel Godart 0-0: Called Strike
0-1: Ball
1-1: Ball
2-1: Foul Ball, location: 2F
2-2: Strikes out looking
Batting: RHB Jason Compton 0-0: Called Strike
0-1: Ball
1-1: Ball
2-1: Swinging Strike
2-2: Ground out 1-3 (Groundball, 23)
Batting: LHB Colin Worthington 0-0: Ball
1-0: Ball
2-0: Ball
3-0: Called Strike
3-1: SINGLE (Line Drive, 8LS)
Batting: RHB Arturo Sánchez 0-0: Called Strike
0-1: Fly out, F7 (Flyball, 78M)
Bottom of the 2nd over - 0 run(s), 1 hit(s), 0 error(s), 1 left on base; Chicago 0 - Yellowknife 0
TOP OF THE 3RD
Chicago Tula batting - Pitching for Yellowknife Dragonblood : RHP Edgar Lankford
Batting: RHB Paul Dawsey 0-0: Fly out, F8 (Flyball, 8LM)
Batting: RHB Dave Yates 0-0: Called Strike
0-1: Ball
1-1: Foul Ball, location: 2F
1-2: Foul Ball, location: 2F
1-2: Foul Ball, location: 2F
1-2: Ball
2-2: Foul Ball, location: 2F
2-2: Ground out 4-3 (Groundball, 4)
Batting: LHB Gerald Kaufman 0-0: Called Strike
0-1: Ball
1-1: Foul Ball, location: 2F
1-2: Strikes out swinging
Top of the 3rd over - 0 run(s), 0 hit(s), 0 error(s), 0 left on base; Chicago 0 - Yellowknife 0
BOTTOM OF THE 3RD
Yellowknife Dragonblood batting - Pitching for Chicago Tula : RHP Francisco Sandoval
Batting: LHB António Boccanegra 0-0: Swinging Strike
0-1: Ground out 3-1 (Groundball, 34)
Batting: RHB Martín Alejadre 0-0: Called Strike
0-1: Foul Ball, location: 2F
0-2: Strikes out swinging
Batting: LHB Jon Baxter 0-0: Called Strike
0-1: Ball
1-1: Called Strike
1-2: Strikes out looking
Bottom of the 3rd over - 0 run(s), 0 hit(s), 0 error(s), 0 left on base; Chicago 0 - Yellowknife 0
TOP OF THE 4TH
Chicago Tula batting - Pitching for Yellowknife Dragonblood : RHP Edgar Lankford
Batting: RHB Jouo Hirschovits 0-0: Bunt missed!
0-1: Ball
1-1: Ball
2-1: Ball
3-1: Base on Balls
Batting: RHB Lee Lockheart 0-0: Called Strike
0-1: Called Strike
0-2: SINGLE (Line Drive, 7LS)
Jouo Hirschovits to second
Batting: RHB Rudko Hrnjak 0-0: Foul Ball, location: 2F
0-1: Ball
1-1: Swinging Strike
1-2: Strikes out swinging
Batting: RHB Jorge Alfiche 0-0: Ball
1-0: Fly out, F8 (Flyball, 8RXD)
Runner from 2nd tags up, SAFE at 3rd, no throw
Batting: RHB Ken Sandoval 0-0: Ball
Passed Ball!
Jouo Hirschovits scores
Lee Lockheart to second
1-0: Ball
2-0: Called Strike
2-1: Ball
3-1: Called Strike
3-2: Strikes out swinging
Top of the 4th over - 1 run(s), 1 hit(s), 0 error(s), 1 left on base; Chicago 1 - Yellowknife 0
BOTTOM OF THE 4TH
Yellowknife Dragonblood batting - Pitching for Chicago Tula : RHP Francisco Sandoval
Batting: LHB John O'Day 0-0: Ball
1-0: Ball
2-0: Ball
3-0: Called Strike
3-1: SOLO HOME RUN (Line Drive, 9D), Distance : 369 ft
Batting: SHB Zachary Burriss 0-0: Foul Ball, location: 2F
0-1: Ball
1-1: Called Strike
1-2: Ball
2-2: Foul Ball, location: 2F
2-2: Foul Ball, location: 2F
2-2: Strikes out swinging
Batting: SHB Daniel Godart 0-0: Foul Ball, location: 2F
0-1: Ground out 4-3 (Groundball, 34)
Batting: RHB Jason Compton 0-0: Ball
1-0: Ball
2-0: Called Strike
2-1: Foul Ball, location: 2F
2-2: Ball
3-2: Foul Ball, location: 2F
3-2: Fly out, F9 (Flyball, 89M)
Bottom of the 4th over - 1 run(s), 1 hit(s), 0 error(s), 0 left on base; Chicago 1 - Yellowknife 1
TOP OF THE 5TH
Chicago Tula batting - Pitching for Yellowknife Dragonblood : RHP Edgar Lankford
Batting: RHB Vincent Vega 0-0: Ball
1-0: Fly out, F9 (Flyball, 89M)
Batting: RHB Paul Dawsey 0-0: DOUBLE (Line Drive, 78M)
Batting: RHB Dave Yates 0-0: Swinging Strike
0-1: Foul Ball, location: 2F
0-2: Foul Ball, location: 2F
0-2: Ball
1-2: Fly out, F8 (Flyball, 8LM)
Batting: LHB Gerald Kaufman 0-0: Called Strike
0-1: Ball
1-1: Swinging Strike
1-2: Foul Ball, location: 2F
1-2: Strikes out swinging
Top of the 5th over - 0 run(s), 1 hit(s), 0 error(s), 1 left on base; Chicago 1 - Yellowknife 1
BOTTOM OF THE 5TH
Yellowknife Dragonblood batting - Pitching for Chicago Tula : RHP Francisco Sandoval
Batting: LHB Colin Worthington 0-0: Foul Ball, location: 2F
0-1: Foul Ball, location: 2F
0-2: Ball
1-2: Strikes out looking
Batting: RHB Arturo Sánchez 0-0: Ball
1-0: Ground out 6-3 (Groundball, 6M)
Batting: LHB António Boccanegra 0-0: Ball
1-0: Ball
2-0: Swinging Strike
2-1: Called Strike
2-2: Strikes out swinging
Bottom of the 5th over - 0 run(s), 0 hit(s), 0 error(s), 0 left on base; Chicago 1 - Yellowknife 1
TOP OF THE 6TH
Chicago Tula batting - Pitching for Yellowknife Dragonblood : RHP Edgar Lankford
Batting: RHB Jouo Hirschovits 0-0: Called Strike
0-1: Ball
1-1: Swinging Strike
1-2: Strikes out swinging
Batting: RHB Lee Lockheart 0-0: Ball
1-0: Ground out 4-3 (Groundball, 4)
Batting: RHB Rudko Hrnjak 0-0: Called Strike
0-1: Ground out 1-3 (Groundball, 15S)
Top of the 6th over - 0 run(s), 0 hit(s), 0 error(s), 0 left on base; Chicago 1 - Yellowknife 1
BOTTOM OF THE 6TH
Yellowknife Dragonblood batting - Pitching for Chicago Tula : RHP Francisco Sandoval
Batting: RHB Martín Alejadre 0-0: Fly out, F9 (Flyball, 89M)
Batting: LHB Jon Baxter 0-0: Swinging Strike
0-1: Called Strike
0-2: Strikes out looking
Batting: LHB John O'Day 0-0: Called Strike
0-1: Swinging Strike
0-2: Ball
1-2: Fly out, F5 (Popup, 5S)
Bottom of the 6th over - 0 run(s), 0 hit(s), 0 error(s), 0 left on base; Chicago 1 - Yellowknife 1
TOP OF THE 7TH
Chicago Tula batting - Pitching for Yellowknife Dragonblood : RHP Edgar Lankford
Pinch Hitting: LHB Colt Gridley 0-0: Foul Ball, location: 2F
0-1: Foul Ball, location: 2F
0-2: Strikes out swinging
Batting: RHB Ken Sandoval 0-0: Ball
1-0: Foul Ball, location: 2F
1-1: Foul Ball, location: 2F
1-2: Foul Ball, location: 2F
1-2: Strikes out swinging
Batting: RHB Vincent Vega 0-0: Ground out U3 (Groundball, 3L)
Top of the 7th over - 0 run(s), 0 hit(s), 0 error(s), 0 left on base; Chicago 1 - Yellowknife 1
BOTTOM OF THE 7TH
Yellowknife Dragonblood batting - Pitching for Chicago Tula : RHP Francisco Sandoval
Now in LF: Colt Gridley
Pinch Hitting: LHB Walter Frampton 0-0: Foul Ball, location: 2F
0-1: Hit by Pitch
Pinch Hitting: RHB Ron Morton 0-0: Ball
1-0: Ball
2-0: Ball
3-0: Called Strike
3-1: Fielders Choice at 2nd, 5-4 (Groundball, 5)
Batting: RHB Jason Compton 0-0: Ball
1-0: Ball
2-0: Ball
3-0: Swinging Strike
3-1: Grounds into double play, 4-6-3 (Groundball, 4M)
Bottom of the 7th over - 0 run(s), 0 hit(s), 0 error(s), 0 left on base; Chicago 1 - Yellowknife 1
TOP OF THE 8TH
Chicago Tula batting - Pitching for Yellowknife Dragonblood : RHP Edgar Lankford
Now at SS: Flemming O'Neill
Now in LF: Ron Morton
Batting: RHB Paul Dawsey 0-0: Called Strike
0-1: Ball
1-1: Foul Ball, location: 2F
1-2: Ball
2-2: Foul Ball, location: 2F
2-2: Foul Ball, location: 2F
2-2: Foul Ball, location: 2F
2-2: Foul Ball, location: 2F
2-2: Strikes out swinging
Pitching: RHP José Montalópez
Pinch Hitting: RHB Jim Unknown 0-0: Fly out, F4 (Line Drive, 4)
Batting: LHB Gerald Kaufman 0-0: Foul Ball, location: 2F
0-1: Ball
1-1: Fly out, F5 (Popup, 5DF)
Top of the 8th over - 0 run(s), 0 hit(s), 0 error(s), 0 left on base; Chicago 1 - Yellowknife 1
BOTTOM OF THE 8TH
Yellowknife Dragonblood batting - Pitching for Chicago Tula : RHP Francisco Sandoval
Now at 3B: Coen Adriani
Pinch Hitting: RHB Rodriguo Condea 0-0: Fly out, F8 (Flyball, 8RS)
Batting: RHB Arturo Sánchez 0-0: Ground out 6-3 (Groundball, 6)
Batting: LHB António Boccanegra 0-0: Ball
1-0: Swinging Strike
1-1: Ball
2-1: Called Strike
2-2: Foul Ball, location: 2F
2-2: Ball
3-2: SINGLE (Groundball, 34D)
Pitching: RHP Eddie Schmitt
Pinch Hitting: LHB Ramón Guzmán 0-0: Ball
1-0: Ball
2-0: Called Strike
2-1: Swinging Strike
2-2: SINGLE (Line Drive, 6M)
António Boccanegra to second
Batting: LHB Jon Baxter 0-0: Swinging Strike
0-1: Foul Ball, location: 2F
0-2: Ball
1-2: Ball
2-2: Foul Ball, location: 2F
2-2: Ball
3-2: Base on Balls
António Boccanegra to third
Ramón Guzmán to second
Batting: LHB John O'Day 0-0: Swinging Strike
0-1: Foul Ball, location: 2F
0-2: Ball
1-2: Ball
2-2: Strikes out swinging
Bottom of the 8th over - 0 run(s), 2 hit(s), 0 error(s), 3 left on base; Chicago 1 - Yellowknife 1
TOP OF THE 9TH
Chicago Tula batting - Pitching for Yellowknife Dragonblood : RHP José Montalópez
Pitching: RHP Josué Giannotti
Now in CF: Andrés Escobar
Now in RF: Ramón Guzmán
Pinch Hitting: RHB Júlio Rodríguez 0-0: Ground out 4-3 (Groundball, 4)
Batting: RHB Lee Lockheart 0-0: Ball
1-0: Called Strike
1-1: Called Strike
1-2: Foul Ball, location: 2F
1-2: Strikes out swinging
Batting: RHB Rudko Hrnjak 0-0: Fly out, F8 (Flyball, 8RM)
Top of the 9th over - 0 run(s), 0 hit(s), 0 error(s), 0 left on base; Chicago 1 - Yellowknife 1
BOTTOM OF THE 9TH
Yellowknife Dragonblood batting - Pitching for Chicago Tula : RHP Eddie Schmitt
Now in RF: César Gonzáles
Batting: RHB Flemming O'Neill 0-0: Ball
1-0: Fly out, F8 (Flyball, 8RM)
Batting: RHB Ron Morton 0-0: Foul Ball, location: 2F
0-1: Ball
1-1: Ball
2-1: Ball
3-1: Foul Ball, location: 2F
3-2: Strikes out swinging
Batting: RHB Jason Compton 0-0: TRIPLE (Groundball, 5L)
Pinch Hitting: RHB Louis Gibbons 0-0: Called Strike
0-1: Ball
1-1: Ground out 4-3 (Groundball, 34)
Bottom of the 9th over - 0 run(s), 1 hit(s), 0 error(s), 1 left on base; Chicago 1 - Yellowknife 1
TOP OF THE 10TH
Chicago Tula batting - Pitching for Yellowknife Dragonblood : RHP Josué Giannotti
Now in RF: Louis Gibbons
Batting: LHB Colt Gridley 0-0: Called Strike
0-1: SINGLE (Line Drive, 34D)
Batting: RHB Ken Sandoval 0-0: Ball
1-0: Sac Bunt - play at first, batter OUT! 1-4
Colt Gridley to second
Batting: RHB Vincent Vega 0-0: Intentional Walk
Pinch Hitting: RHB Mark Compton 0-0: Ball
1-0: Ball
2-0: Ball
3-0: Called Strike
3-1: Called Strike
3-2: Strikes out swinging
Pinch Hitting: RHB Paddy Kos 0-0: Ball
1-0: Ball
2-0: Foul Ball, location: 2F
2-1: Ball
3-1: DOUBLE (Flyball, 7LM)
Colt Gridley scores
Vincent Vega to third
Batting: LHB Gerald Kaufman 0-0: Called Strike
0-1: Ground out 6-3 (Groundball, 6M)
Top of the 10th over - 1 run(s), 2 hit(s), 0 error(s), 2 left on base; Chicago 2 - Yellowknife 1
BOTTOM OF THE 10TH
Yellowknife Dragonblood batting - Pitching for Chicago Tula : RHP Eddie Schmitt
Pitching: RHP Juan Valdéz
Now at C: Juan Suárez
Now at 2B: Paddy Kos
Batting: RHB Arturo Sánchez 0-0: Swinging Strike
0-1: Ground out 6-3 (Groundball, 6)
Batting: LHB António Boccanegra 0-0: Ball
1-0: SINGLE (Line Drive, 8LS)
Batting: LHB Ramón Guzmán 0-0: Ball
1-0: SINGLE (Groundball, 34D)
António Boccanegra to second
Batting: LHB Jon Baxter 0-0: Ball
1-0: Ball
2-0: Ball
3-0: Base on Balls
António Boccanegra to third
Ramón Guzmán to second
Batting: LHB John O'Day 0-0: Called Strike
0-1: Called Strike
0-2: Foul Ball, location: 2F
0-2: Foul Ball, location: 2F
0-2: Ball
1-2: SINGLE (Line Drive, 4M)
António Boccanegra scores
Ramón Guzmán to third
Jon Baxter to second
Batting: RHB Flemming O'Neill 0-0: Ball
1-0: Ball
2-0: Ball
3-0: Called Strike
3-1: Foul Ball, location: 2F
3-2: SINGLE (Line Drive, 4D)
Ramón Guzmán scores
This league is powered by Out of the Park Baseball, the baseball management simulation game for PC, Mac and Linux
Monday, October 3rd, 2016 - OOTP Baseball 16.9 Build 39